AoeStats
← Lord Nain7678

Arena

510637438Analyzed
2v2 RM · 1d ago on Oct 1, 2026· 61m 6s· 4 players
Game mode
Random Map
Map size
Medium (4 player)
Population
200
Speed
Normal
Resources
Standard
Victory
Conquest
Starting age
Dark Age
Ending age
Imperial Age
RankedLock teamsTeams togetherTeam positionsShared explorationLock speedFull tech treeHidden civsTurbo modeCheats
Victory
Defeat
🇦🇷 Bohemians · Argentina
1031
+14
🇦🇷 Khmer · Argentina
975
+16
🇦🇷 Mongols · Argentina
983
-15
🇺🇸 Bohemians · United States
983
-15
Angel91125941
5:13 Loom
9:07 Feudal Age
15:56 Castle Age
14:31 Wheelbarrow
16:14 Double-Bit Axe
16:10 Horse Collar
22:23 Sanctity
30:05 Elite Skirmisher
32:14 Padded Archer Armor
33:51 Pikeman
36:15 Wheelbarrow
40:48 Imperial Age
38:57 Town Watch
39:12 Fletching
40:25 Bodkin Arrow
41:49 Chemistry
41:42 Leather Archer Armor
42:21 Fervor
43:35 Bow Saw
43:27 Heavy Plow
44:29 Redemption
44:41 Forging
44:32 Scale Mail Armor
46:05 Block Printing
47:09 Arson
47:41 Hand Cart
48:05 Iron Casting
47:51 Town Watch
48:55 Chain Mail Armor
51:23 Ballistics
52:33 Halberdier
56:30 Conscription
56:53 Elite Hussite Wagon
62:01 Plate Mail Armor
Lord Nain7678
10:08 Feudal Age
14:56 Castle Age
13:34 Double-Bit Axe
15:15 Horse Collar
20:00 Pikeman
22:50 Fervor
30:00 Thumb Ring
30:40 Thumb Ring
30:38 Fletching
30:48 Padded Archer Armor
31:23 Husbandry
31:37 Bloodlines
32:21 Ballistics
32:18 Bodkin Arrow
33:19 Leather Archer Armor
48:38 Imperial Age
58:34 Wheelbarrow
Martin_gc
10:28 Feudal Age
14:04 Castle Age
12:56 Double-Bit Axe
16:17 Bow Saw
21:48 Light Cavalry
25:59 Wheelbarrow
26:46 Bloodlines
28:28 Hand Cart
27:59 Loom
31:38 Scale Barding Armor
31:43 Forging
38:14 Imperial Age
38:39 Husbandry
39:46 Ballistics
39:58 Heavy Scorpion
43:27 Chemistry
46:59 Hussar
53:58 Elite Battle Elephant
55:42 Tusk Swords
60:10 Double Crossbow
NoScream
10:38 Feudal Age
14:43 Castle Age
13:39 Double-Bit Axe
13:35 Horse Collar
18:51 Chemistry
23:31 Loom
31:44 Wheelbarrow
36:14 Hand Cart
37:25 Elite Skirmisher
41:05 Imperial Age
49:11 Ballistics
57:18 Fletching
57:28 Padded Archer Armor
Connection lost

Rejoining the realm…

Still unreachable

The connection could not be restored.

Session expired

The server has moved on; the page needs a fresh start.